Map: Bel'Shir Vestige LE (Void)

Players

TRUE - Winner!

  • Race: Zerg Zerg
  • Spawn Location: 5:00

uThermal

  • Race: Terran Terran
  • Spawn Location: 11:00

Event: WCS Austin 2017

VOD

Have the link to the VOD?

Description

Time

  • Played on: April 29, 2017, 3:54 p.m.
  • Length: 24:56

All games in this series

Show
View Real Time Build Order
Export as new Build Order

TRUE Zerg - Winner!

Build Orders: Pool First, Ravager All-In 

Get SALT Encoding   

  12  0:00  Drone  
  13  0:12  Overlord  
  13  0:16  Drone  
  14  0:30  Drone x2  
  14  0:34  Drone  
  17  0:46  Spawning Pool  
  17  0:47  Drone  
  17  0:52  Extractor  
  17  0:56  Drone  
  17  1:15  Hatchery  
  16  1:21  Drone  
  17  1:33  Zergling x2  
  17  1:34  Roach Warren  
  17  1:36  Drone  
  18  1:46  Extractor  
  18  1:47  Drone  
  18  1:52  Overlord  
  18  2:15  Roach x2  
  22  2:22  Roach  
  24  2:27  Roach  
  26  2:36  Ravager x2  
  28  2:39  Roach  
  28  2:40  Roach  
  31  2:48  Roach  
  33  2:53  Overlord  
  33  2:59  Roach  
  33  3:04  Ravager  
  36  3:17  Roach x2  
  40  3:45  Drone, Overlord  
  40  3:47  Overlord  
  41  3:52  Ravager x2  
  41  3:53  Drone  
  44  4:03  Ravager  
  44  4:04  Drone x2  
  44  4:07  Drone  
  44  4:08  Drone  
  49  4:11  Drone  
  49  4:15  Drone  
  51  4:19  Drone  
  52  4:26  Drone  
  40  4:46  Drone x4  
  34  5:02  Queen x2  
  34  5:04  Roach x4  
  43  5:13  Roach x2  
  47  5:24  Roach x2  
  51  5:32  Overlord  
  51  5:35  Overlord  
  51  5:43  Overlord  
  51  5:44  Spore Crawler  
  50  5:50  Queen  
  50  5:53  Queen, Roach  
  50  5:54  Roach  
  50  5:56  Roach  
  60  6:04  Overlord  
  60  6:12  Overlord  
  60  6:17  Overlord  
  60  6:24  Drone x6  
  66  6:30  Lair  
  66  6:34  Drone  
  66  6:38  Evolution Chamber  
  66  6:42  Drone  
  66  6:43  Drone x3  
  66  6:45  Drone  
  71  6:48  Extractor  
  70  6:55  Drone  
  70  6:57  Drone  
  72  7:04  Overlord  
  72  7:05  Zerg Missile Weapons Level 1  
  72  7:09  Hatchery  
  72  7:14  Drone, Overlord  
  72  7:15  Queen  
  72  7:16  Roach x3  
  72  7:20  Roach  
  82  7:28  Overseer  
  82  7:30  Queen, Overlord  
  82  7:31  Glial Reconstitution  
  82  7:35  Roach  
  86  7:40  Overlord  
  86  7:43  Roach  
  88  7:45  Overseer  
  88  7:57  Queen  
  90  8:08  Overlord  
  90  8:25  Roach x2  
  90  8:26  Roach x11  
  116  8:30  Roach  
  116  8:33  Roach x2  
  122  8:36  Roach  
  124  8:41  Roach x2  
  130  8:48  Roach  
  130  8:57  Overlord  
  130  8:58  Roach  
  130  9:00  Overlord  
  129  9:03  Zerg Missile Weapons Level 2, Overlord  
  129  9:06  Overlord  
  107  9:25  Drone x8  
  107  9:26  Drone x4  
  118  9:31  Ravager x2  
  118  9:32  Ravager  
  118  9:37  Drone x3  
  121  9:52  Drone x3  
  124  9:53  Drone x3  
  127  10:00  Drone x2  
  127  10:01  Drone x2  
  127  10:02  Drone  
  127  10:06  Overlord  
  129  10:07  Infestation Pit  
  129  10:08  Extractor  
  129  10:09  Drone x2  
  129  10:10  Drone, Evolution Chamber  
  129  10:12  Overlord  
  126  10:24  Overlord  
  126  10:26  Burrow  
  126  10:27  Drone  
  127  10:29  Overlord  
  127  10:33  Overlord, Extractor  
  127  10:34  Extractor  
  125  10:37  Hatchery  
  124  10:45  Pathogen Glands  
  124  10:48  Zerg Ground Armor Level 1  
  124  10:56  Zergling x2  
  124  10:57  Zergling x20  
  127  10:58  Queen  
  127  11:00  Zergling x2  
  134  11:14  Infestor  
  134  11:15  Infestor  
  134  11:17  Zergling x4  
  134  11:18  Zergling x12  
  146  11:26  Metabolic Boost  
  146  11:27  Overlord, Zerg Melee Weapons Level 1  
  146  11:28  Zergling x4  
  146  11:31  Zergling x4  
  149  11:36  Zergling x2  
  149  11:37  Zergling x2, Infestor  
  149  11:38  Zergling x2  
  152  11:40  Zergling x4  
  152  11:41  Zergling x4  
  152  11:44  Infestor  
  158  11:48  Spore Crawler  
  154  11:54  Ravager x2  
  156  12:02  Zergling x24  
  156  12:05  Overlord  
  156  12:07  Overlord  
  168  12:08  Overlord  
  168  12:11  Overlord  
  168  12:14  Overlord  
  164  12:18  Overlord  
  164  12:19  Overlord  
  164  12:22  Overlord  
  164  12:25  Ravager  
  164  12:26  Ravager  
  164  12:28  Ravager x5  
  171  12:33  Drone x4  
  171  12:35  Drone x2  
  176  12:46  Zergling x2  
  176  12:47  Zergling x14  
  180  12:53  Ravager x2  
  180  12:54  Zergling x2  
  180  12:55  Zergling x2  
  180  12:56  Zergling x4  
  180  12:58  Zergling x4  
  183  12:59  Zergling x2  
  183  13:04  Zergling x4  
  171  13:19  Ravager  
  172  13:21  Infestor x2  
  172  13:24  Zerg Ground Armor Level 2  
  172  13:26  Zergling x8  
  172  13:27  Zergling x2  
  181  13:34  Zerg Melee Weapons Level 2  
  181  13:38  Drone x5  
  186  13:52  Zergling x4  
  186  13:53  Zergling x14  
  195  14:05  Zergling x2  
  195  14:06  Zergling x8  
  200  14:10  Hatchery  
  199  14:18  Overlord  
  199  14:19  Zergling x2  
  199  14:22  Zergling x2  
  199  14:23  Zergling x8  
  199  14:32  Zergling x2  
  200  14:43  Zergling x6  
  188  14:54  Roach x8  
  188  14:58  Zergling x6  
  188  14:59  Zergling x10  
  198  15:02  Zergling x2  
  175  15:16  Zergling x2  
  175  15:17  Zergling x18  
  169  15:22  Zergling x2  
  146  15:28  Zergling x2  
  146  15:29  Zergling x4  
  146  15:33  Ravager x6  
  146  15:34  Roach  
  146  15:35  Roach x3  
  156  15:38  Roach  
  158  15:43  Zergling x4  
  158  15:44  Zergling x2  
  158  15:47  Hive  
  158  15:48  Infestor  
  158  15:49  Infestor  
  165  15:55  Roach x2  
  165  15:56  Roach x3  
  173  16:01  Ravager x3, Roach x2  
  173  16:03  Roach  
  173  16:04  Roach x3  
  183  16:07  Roach  
  183  16:10  Spore Crawler, Spine Crawler  
  183  16:12  Infestor x3, Spine Crawler  
  183  16:14  Zergling x2  
  183  16:17  Zergling x4  
  183  16:18  Zergling x6  
  193  16:24  Zergling x10  
  198  16:27  Zergling x2  
  198  16:28  Zergling x2  
  193  17:16  Baneling Nest, Zerg Ground Armor Level 3  
  193  17:17  Adrenal Glands, Zerg Melee Weapons Level 3  
  193  17:18  Zergling x20  
  193  17:19  Zergling x2  
  199  17:22  Zergling x2  
  199  17:35  Zergling x4  
  199  17:36  Zergling x6  
  199  17:44  Zergling x2  
  199  17:45  Zergling x2  
  199  17:46  Zergling x12  
  199  17:47  Zergling x4  
  199  17:49  Zergling x8  
  199  18:02  Zergling x8  
  198  18:13  Zergling x4  
  198  18:14  Zergling x2  
  198  18:17  Zergling x2  
  198  18:19  Zergling x8  
  199  18:20  Zergling x2  
  199  18:30  Zergling x8  
  199  18:31  Zergling x2  
  188  18:36  Zergling x2  
  188  18:39  Zergling x16  
  166  18:48  Zergling x2  
  166  18:50  Zergling x8  
  166  18:51  Zergling x2  
  147  18:58  Zergling x6  
  147  18:59  Zergling x2  
  136  19:08  Zergling x4  
  136  19:10  Ultralisk Cavern  
  136  19:11  Zergling x14  
  136  19:12  Zergling x2  
  136  19:14  Centrifical Hooks  
  136  19:16  Baneling x15  
  136  19:17  Baneling x7  
  141  19:19  Zergling x4  
  141  19:20  Baneling x2  
  143  19:28  Zergling x8  
  144  19:31  Zergling x4  
  144  19:33  Zergling x2  
  144  19:36  Zergling x2  
  138  19:49  Zergling x12  
  138  19:51  Zergling x12  
  138  19:52  Zergling x2  
  135  20:07  Hatchery  
  135  20:09  Zergling x2  
  129  20:18  Swarm Host  
  119  20:24  Zergling x22  
  103  20:40  Chitinous Plating  
  93  20:54  Ultralisk x2  
  93  20:55  Ultralisk  
  95  21:06  Infestor x2  
  95  21:12  Zergling x2  
  95  21:20  Infestor x2  
  96  21:37  Baneling x3  
  96  21:38  Baneling x8  
  96  21:40  Zergling x2  
  96  21:45  Zergling x4  
  96  21:46  Zergling x2  
  97  21:48  Swarm Host  
  97  21:50  Zergling x2  
  91  22:15  Ultralisk  
  96  22:16  Zergling x10  
  96  22:17  Zergling x6  
  96  22:18  Zergling x2  
  96  22:21  Zergling x2  
  106  22:23  Zergling x2  
  106  22:24  Zergling x2  
  106  22:28  Zergling x4  
  110  22:30  Zergling x2  
  110  22:33  Zergling x2  
  110  22:34  Zergling x2  
  112  22:39  Infestor  
  112  22:40  Zergling x2  
  115  22:45  Zergling x4  
  117  22:57  Ultralisk  
  123  23:07  Zergling x10  
  126  23:20  Zergling x6  
  126  23:21  Zergling x6  
  126  23:41  Infestor x2  
  126  23:42  Zergling x2  
  126  23:43  Zergling x8  
  126  23:46  Zergling x2  
  126  23:47  Zergling x2  
  137  23:54  Zergling x2  
  134  23:59  Zergling x4  
  120  24:11  Infestor x7  
  116  24:18  Zergling x2  
  116  24:19  Zergling x6  
  116  24:21  Zergling x2  
  115  24:31  Hatchery  
Show
View Real Time Build Order
Export as new Build Order

uThermal Terran 

Build Orders: Reaper Expand 

Get SALT Encoding   

  12  0:01  SCV  
  13  0:13  SCV  
  14  0:17  Supply Depot  
  14  0:25  SCV  
  14  0:27  Refinery  
  15  0:39  SCV  
  16  0:44  Barracks  
  16  0:51  SCV  
  17  1:03  SCV  
  18  1:15  SCV  
  19  1:31  Reaper, Orbital Command  
  20  1:42  Command Center  
  20  1:53  Factory  
  20  1:57  SCV  
  21  2:05  Barracks Reactor  
  21  2:09  SCV  
  21  2:12  Supply Depot  
  22  2:15  Refinery  
  22  2:21  SCV  
  23  2:34  SCV  
  24  2:43  Starport  
  24  2:46  SCV  
  29  2:53  Marine  
  30  2:58  SCV  
  30  2:59  Orbital Command  
  30  3:03  Cyclone  
  30  3:04  Cyclone  
  33  3:09  Bunker  
  33  3:10  SCV  
  34  3:15  Marine  
  35  3:20  Supply Depot  
  35  3:22  SCV  
  36  3:27  Supply Depot  
  36  3:33  Marine  
  35  3:36  Cyclone  
  35  3:40  SCV  
  38  3:52  Barracks Tech Lab  
  38  3:53  Starport  
  38  3:54  SCV  
  39  4:01  Orbital Command  
  39  4:06  SCV  
  39  4:07  Supply Depot  
  39  4:08  Cyclone  
  43  4:14  Supply Depot  
  43  4:18  SCV  
  44  4:30  SCV  
  45  4:31  SCV  
  45  4:32  Marine  
  44  4:42  SCV  
  44  4:43  SCV  
  34  4:45  Cyclone  
  34  4:54  SCV  
  34  5:06  SCV  
  33  5:07  Orbital Command  
  33  5:18  SCV  
  34  5:23  Banshee  
  37  5:31  SCV  
  37  5:33  SCV  
  39  5:36  Barracks Reactor  
  39  5:37  Hellion  
  41  5:43  SCV  
  41  5:45  SCV  
  41  5:46  Cloaking Field  
  43  5:52  Supply Depot  
  43  5:55  SCV  
  44  5:57  SCV  
  44  5:58  Hellion  
  47  6:06  Banshee  
  47  6:07  SCV  
  47  6:09  SCV  
  52  6:19  SCV  
  52  6:21  SCV  
  54  6:27  Command Center  
  54  6:31  SCV  
  54  6:32  Hellion x2  
  59  6:33  SCV  
  59  6:34  Barracks Tech Lab  
  60  6:43  SCV  
  60  6:45  Engineering Bay, SCV  
  60  6:46  Engineering Bay  
  62  6:48  Raven  
  64  6:55  SCV  
  64  6:56  Marine  
  64  6:57  Supply Depot, SCV  
  67  7:04  Supply Depot  
  67  7:07  SCV  
  68  7:09  Stimpack  
  68  7:10  SCV  
  68  7:15  Refinery  
  69  7:16  Refinery  
  69  7:19  SCV  
  69  7:21  Marine  
  69  7:22  SCV  
  72  7:32  Factory Reactor  
  72  7:33  Barracks  
  72  7:34  Barracks  
  72  7:39  Marine, SCV x2  
  72  7:40  Orbital Command  
  75  7:51  SCV x2  
  76  7:54  Starport Reactor  
  77  7:59  Marine  
  77  8:03  SCV x2  
  80  8:15  SCV  
  80  8:16  Barracks, SCV  
  80  8:17  Barracks  
  80  8:19  Marine  
  80  8:21  Orbital Command  
  80  8:26  Marine  
  81  8:28  Siege Tank  
  81  8:30  Marine x2  
  81  8:32  Marine  
  87  8:38  Bunker  
  87  8:39  Marine  
  88  8:41  Medivac x2  
  88  8:43  Supply Depot, SCV  
  88  8:44  Marine  
  88  8:48  Marine  
  94  8:50  Bunker  
  94  8:56  Marine  
  94  8:57  Marine  
  94  8:59  Marine  
  94  9:00  Siege Tank  
  94  9:02  Marine  
  101  9:04  Supply Depot  
  101  9:05  Marine  
  101  9:15  Marine  
  102  9:22  Marine  
  102  9:23  Marine  
  94  9:24  Marine x2  
  94  9:25  Barracks Reactor  
  94  9:26  SCV  
  94  9:32  Engineering Bay x2, Siege Tank  
  94  9:33  Marine  
  94  9:36  Medivac  
  101  9:40  Supply Depot  
  101  9:43  Marine  
  101  9:44  Marine  
  103  9:47  Supply Depot  
  102  10:09  Marine x4  
  102  10:10  Terran Infantry Armor Level 1, Terran Infantry Weapons Level 1  
  102  10:12  SCV  
  102  10:13  Marine, SCV  
  109  10:21  Marine  
  109  10:22  Marine  
  109  10:31  Supply Depot  
  109  10:32  Marine  
  109  10:34  Bunker  
  109  10:41  Barracks Reactor, Combat Shields  
  109  10:44  Supply Depot  
  109  10:50  Supply Depot  
  109  10:52  Marine x2  
  109  10:53  SCV x3  
  109  10:56  Marine  
  115  10:59  Marine x2  
  115  11:00  Medivac  
  117  11:05  Medivac  
  117  11:06  SCV  
  117  11:08  Supply Depot, Marine  
  117  11:11  Marine x2  
  121  11:14  Siege Tank  
  126  11:19  Supply Depot  
  126  11:22  Marine  
  126  11:24  Marine  
  128  11:25  Marine  
  128  11:26  Marine  
  128  11:28  Factory  
  128  11:30  Medivac, Marine  
  128  11:31  Marine  
  134  11:35  Supply Depot  
  134  11:36  Refinery, SCV  
  134  11:37  Marine, SCV  
  134  11:39  Marine  
  138  11:40  Medivac  
  140  11:48  Missile Turret  
  140  11:49  Marine x2  
  140  11:52  Marine x3  
  145  11:58  Supply Depot  
  145  11:59  Marine x3  
  145  12:01  Marine  
  149  12:06  Siege Tank  
  152  12:11  Marine  
  152  12:14  Marine  
  152  12:21  Armory  
  152  12:22  Factory Tech Lab  
  152  12:24  Marine  
  153  12:30  Supply Depot, Marine  
  153  12:33  Marine x2  
  153  12:34  Barracks x2  
  153  12:36  Barracks  
  156  12:38  Siege Tank, Marine  
  160  12:48  Missile Turret  
  160  12:49  Marine  
  161  12:55  Marine  
  161  12:57  Marine x2  
  161  12:58  Siege Tank  
  166  12:59  Medivac  
  166  13:00  Medivac  
  166  13:01  Supply Depot  
  147  13:07  Marine x2  
  147  13:09  Marine  
  147  13:10  Siege Tank  
  148  13:16  Marine  
  148  13:17  Terran Infantry Weapons Level 2  
  148  13:18  Terran Infantry Armor Level 2  
  148  13:23  Terran Vehicle Weapons Level 1  
  148  13:27  Barracks Tech Lab x2  
  148  13:28  Barracks Tech Lab  
  148  13:30  Siege Tank  
  148  13:33  Marine x2  
  153  13:35  Marine  
  152  13:42  Siege Tank  
  152  13:46  Marauder, Marine x2  
  156  13:56  Medivac  
  151  14:05  Marine x4  
  151  14:06  Marauder x3  
  159  14:11  Marauder, Marine x2  
  162  14:17  Marine  
  162  14:18  Marine  
  161  14:24  Marine x2  
  161  14:27  Marauder, Orbital Command  
  161  14:28  Marine  
  161  14:30  Marine  
  167  14:32  Marine  
  167  14:37  Marauder, Marine  
  171  14:43  Marine x2  
  170  14:47  Marine  
  170  14:48  Marauder  
  170  14:50  Marine  
  170  14:51  Marine  
  159  14:55  Siege Tank  
  151  15:08  Marine  
  151  15:09  Marauder  
  135  15:23  Marauder, Marine x2  
  135  15:24  Marauder  
  127  15:30  Marine  
  127  15:33  Marine x4  
  127  15:34  Marauder  
  127  15:35  Marine  
  117  15:37  Refinery  
  117  15:41  Marine  
  118  15:45  Marine x2  
  118  15:46  SCV  
  118  15:47  Refinery, SCV x2  
  118  15:49  Marauder, Marine  
  126  15:58  SCV  
  126  16:02  Marine, SCV  
  126  16:03  Marauder, Marine x2, Missile Turret  
  132  16:11  SCV  
  132  16:12  SCV  
  132  16:18  Marauder x2, Marine x3  
  140  16:31  Marine x2, Missile Turret, Siege Tank  
  145  16:35  Marine  
  145  16:38  Marine  
  147  16:42  Marine  
  147  16:43  Marauder x2  
  152  16:54  Siege Tank  
  153  17:01  Marine  
  153  17:02  Marauder  
  153  17:03  Missile Turret, Marine  
  153  17:04  Marauder, Marine  
  159  17:09  Marine  
  159  17:10  Marauder  
  162  17:17  Marine x2  
  164  17:23  Marauder, Marine x2  
  164  17:24  Marine  
  164  17:25  Marauder  
  164  17:26  Marine  
  172  17:34  Marauder, Marine  
  174  17:39  Marine  
  174  17:45  Marauder  
  174  17:47  Medivac x2  
  174  17:49  Marauder, Marine x2  
  178  17:55  Marine  
  178  17:56  Marauder  
  178  17:58  Unknown x2  
  181  18:03  Unknown x2  
  180  18:17  Medivac x2  
  173  18:21  Marauder x2, Marine x2  
  175  18:31  Marauder, Marine x2  
  174  18:39  Marine x2  
  156  18:41  Marine  
  156  18:43  Marauder x2  
  156  18:47  Medivac, Marine  
  159  18:52  Marine  
  159  18:53  Marauder  
  154  18:55  Marine x2  
  154  18:58  Marine  
  154  19:00  Marine  
  150  19:04  Marauder x2  
  150  19:09  Marine x2  
  156  19:12  Missile Turret  
  156  19:13  Marine  
  156  19:14  Marauder  
  159  19:23  Unknown x2  
  159  19:25  Marauder  
  160  19:31  Marine  
  160  19:32  Marauder  
  160  19:33  Marine  
  160  19:34  Marine  
  160  19:35  Marauder  
  161  19:38  Siege Tank  
  161  19:44  Marine  
  156  19:47  Marauder  
  156  19:50  Marine  
  141  19:53  Marauder, Marine x2  
  141  19:57  Marauder  
  134  20:04  Siege Tank  
  137  20:07  Orbital Command  
  137  20:08  Marauder  
  100  20:36  Marauder, Marine  
  100  20:40  Marauder, Marine x2  
  100  20:41  Marine x2  
  108  20:49  Marine  
  96  21:12  Marauder, Marine x2  
  96  21:18  Marine  
  100  21:25  Marine  
  101  21:33  Marine  
  99  21:41  Marine  
  95  22:00  Orbital Command  
  89  22:10  Marine  
  89  22:11  Marauder  
  90  22:17  SCV  
  90  22:43  Marine  
  91  22:45  Marine  
  91  22:46  Marine  
  91  22:48  Marine  
  95  22:59  Widow Mine  
  95  23:02  Widow Mine  
  98  23:08  Marine  
  99  23:13  Marine  
  99  23:18  Marine  
  86  23:54  Orbital Command  
Tags
 
Add a new tag
Caveats
  • Supply blocks, unpowered buildings, or Contaminate may cause inaccurate times.
  • Supply counts are checked every 10 seconds.